 Dungeon Crawl Stone Soup version 0.22.0 (webtiles) character file.

11071 Inarius the Geomancer (level 11, -1/57 HPs)
             Began as a Gargoyle Earth Elementalist on Aug 11, 2018.
             Was a Priest of Hepliaklqana.
             Slain by a two-headed ogre
             ... wielding a +0 giant club
              (7 damage)
             ... on level 11 of the Dungeon.
             The game lasted 00:34:40 (9976 turns).

Inarius the Geomancer (Gargoyle Earth Elementalist) Turns: 9976, Time: 00:34:41

Health: -1/57      AC: 17    Str: 12    XL:     11   Next: 72%
Magic:  8/23       EV: 10    Int: 28    God:    Hepliaklqana [***...]
Gold:   406        SH:  0    Dex: 10    Spells: 11/26 levels left

rFire    . . .     SeeInvis +   R - +2 dagger (freeze)
rCold    . . .     Gourm    .   (no shield)
rNeg     + . .     Faith    .   p - +0 ring mail
rPois    ∞         Spirit   .   e - +0 mask of the Dragon {MR+ Slay+3 SInv}
rElec    +         Reflect  .   G - +0 cloak
rCorr    .         Harm     .   z - +0 pair of gloves
MR       +....                  B - +0 pair of boots
Stlth    +.........             (no amulet)
HPRegen  0.19/turn              M - +5 ring of intelligence
MPRegen  0.18/turn              F - +4 ring of intelligence

@: no status effects
A: reduced essence, negative energy resistance 1, electricity resistance,
unbreathing, petrification resistance, rot immunity, AC +8
a: Recall Ancestor, Ancestor Identity, Transference, Renounce Religion


You were on level 11 of the Dungeon.
You worshipped Hepliaklqana.
Hepliaklqana was most pleased with you.
You were hungry.

You visited 3 branches of the dungeon, and saw 13 of its levels.

You collected 658 gold pieces.
You spent 252 gold pieces at shops.

Inventory:

Hand Weapons
 a - a +1 vampiric short sword
 c - a +0 dagger of draining
 R - a +2 dagger of freezing (weapon)
Missiles
 b - 169 stones (quivered)
 q - 6 javelins of penetration
 E - 2 throwing nets
 K - 11 exploding tomahawks
Armour
 e - the +0 mask of the Dragon (worn) {MR+ Slay+3 SInv}
   (You found it on level 6 of the Dungeon)

   It affects your accuracy and damage with ranged weapons and melee attacks
   (+3).
   It affects your resistance to hostile enchantments.
   It lets you see invisible.
 m - a +2 helmet
 p - a +0 ring mail (worn)
 z - a +0 pair of gloves (worn)
 B - a +0 pair of boots (worn)
 D - a +0 chain mail
 G - a +0 cloak (worn)
Jewellery
 s - an uncursed ring of positive energy
 F - a +4 ring of intelligence (right hand)
 M - a +5 ring of intelligence (left hand)
 N - a +3 ring of evasion
 S - an uncursed ring of wizardry
Wands
 x - a wand of enslavement (12)
 H - a wand of random effects (17)
 I - a wand of clouds (4)
 J - a wand of iceblast (7)
 O - a wand of acid (6)
 T - a wand of polymorph (13)
 Y - a wand of paralysis (16)
Scrolls
 f - 6 scrolls of remove curse
 g - 2 scrolls of fog
 j - 5 scrolls of fear
 v - 7 scrolls of teleportation
 y - a scroll of random uselessness
 P - 2 scrolls of amnesia {unknown}
 Q - a scroll of silence {unknown}
 U - a scroll of enchant weapon {unknown}
 V - a scroll of identify
 W - a scroll of holy word {unknown}
 X - a scroll of summoning {unknown}
Potions
 h - 2 potions of degeneration {unknown}
 i - 2 potions of cancellation
 k - 3 potions of might
 l - 7 potions of curing
 n - 4 potions of flight
 o - 3 potions of lignification
 r - 2 potions of haste
 t - 2 potions of brilliance
 u - 2 potions of magic {unknown}
 w - a potion of ambrosia {unknown}
 A - a potion of invisibility
 C - 2 potions of heal wounds
 L - a potion of mutation
Comestibles
 d - 19 rations


   Skills:
 * Level 6.1 Fighting
 + Level 3.8 Armour
 - Level 1.5 Dodging
 - Level 2.1 Stealth
 + Level 8.0 Spellcasting
 * Level 7.3 Conjurations
 + Level 0.7 Transmutations
 * Level 14.2 Earth Magic
 + Level 5.0 Invocations


You had 11 spell levels left.
You knew the following spells:

 Your Spells              Type           Power        Failure   Level  Hunger
a - Sandblast             Erth           ######       1%          1    None
b - Stone Arrow           Conj/Erth      ######       1%          3    None
c - Lee's Rapid Deconstr  Erth           ######....   1%          5    ####...
d - Petrify               Tmut/Erth      ######..     4%          4    ##.....
e - Passwall              Tmut/Erth      ######..     1%          2    None

Your spell library contained the following spells:

 Spells                   Type           Power        Failure   Level  Hunger
 Magic Dart               Conj           ####         1%          1    None
 Confuse                  Hex            ##......     30%         3    None
 Iskenderun's Mystic Bla  Conj           ######..     5%          4    ##.....
 Animate Dead             Necr           N/A          71%         4    ##.....
 Pain                     Necr           ##..         11%         1    None
 Animate Skeleton         Necr           N/A          11%         1    None
 Vampiric Draining        Necr           ##........   30%         3    None
 Regeneration             Chrm/Necr      ##........   30%         3    None
 Confusing Touch          Hex            ##....       11%         1    None
 Metabolic Englaciation   Hex/Ice        ##........   96%         5    ####...
 Fulminant Prism          Conj/Hex       ####......   24%         4    ##.....
 Dazzling Spray           Conj/Hex       ####..       7%          3    None
 Force Lance              Conj/Tloc      ####....     24%         4    ##.....
 Searing Ray              Conj           ######       1%          2    None
 Gell's Gravitas          Tloc           ##........   30%         3    None
 Yara's Violent Unravell  Hex/Tmut       ##........   94%         5    ####...


Dungeon Overview and Level Annotations

Branches:
Dungeon (11/15)            Temple (1/1) D:7            Lair (1/6) D:8
    Orc (0/2) D:10

Altars:
Ashenzari
Cheibriados
Dithmenos
Elyvilon
Fedhas
Gozag
Hepliaklqana
Kikubaaqudgha
Makhleb
Nemelex Xobeh
Okawaru
Qazlal
Ru
Sif Muna
Trog
Uskayaw
Vehumet
Wu Jian
Xom
Yredelemnul
Zin
The Shining One

Shops:
D:8 !   D:9 %(


Innate Abilities, Weirdness & Mutations

You are resistant to torment.
Your stone body is resilient. (AC +8)
You are immune to poison.
You resist negative energy. (rN+)
You are resistant to electric shocks. (rElec)
You can survive without breathing.
You are immune to petrification.
You are immune to rotting.
Your life essence is reduced to manifest your ancestor. (-10% HP)


Message History

Confirm with . or Enter, or press ? or * to list all spells.
Aiming: Stone Arrow (safe; 1% risk of failure)
Press: ? - help, Shift-Dir - straight line, f/p - two-headed ogre
Aim: a two-headed ogre, wielding a giant club and a giant spiked club (heavily wounded)
The stone arrow hits the two-headed ogre.
The two-headed ogre is heavily wounded.
The two-headed ogre hits you with a giant club!!
The two-headed ogre hits you with a giant spiked club!
Agathocles hits the two-headed ogre with a flail!
Casting: Stone Arrow (safe; 1% risk of failure)
Confirm with . or Enter, or press ? or * to list all spells.
Aiming: Stone Arrow (safe; 1% risk of failure)
Press: ? - help, Shift-Dir - straight line, f/p - two-headed ogre
Aim: a two-headed ogre, wielding a giant club and a giant spiked club (severely wounded)
The stone arrow hits the two-headed ogre.
The two-headed ogre is almost dead.
The two-headed ogre hits you with a giant club!!
* * * LOW HITPOINT WARNING * * *
The two-headed ogre hits you with a giant spiked club!
You die...

#.# ####.#
..#.# ####
#.#.#### ..#
#.#...<# #.#
#......#
##.#####.####
+.OR.....#
##@#######
#.# #.# #.#
..# ###


You could see the friendly Agathocles the knight and a two-headed ogre.

Vanquished Creatures
  Erica (D:9)
  A centaur warrior (D:8)
  A two-headed ogre (D:10)
  A moth of wrath (D:9)
  A manticore (D:10)
  A hippogriff (D:9)
  Sigmund (D:6)
  A spriggan (D:7)
  A wyvern (D:10)
  A vampire (D:8)
  A yak (D:8)
  A wraith (D:8)
  A basilisk (D:8)
  2 hungry ghosts
  Menkaure (D:6)
  4 ice beasts
  3 sky beasts
  3 orc warriors
  4 ogres
  2 black bears
  3 phantoms
  6 centaurs
  2 big kobolds
  A wyvern zombie (D:8)
  7 bullfrogs
  3 scorpions
  4 killer bees (D:8)
  5 crimson imps
  4 bullfrog zombies
  A howler monkey (D:8)
  3 centaur zombies
  5 hounds
  A quasit (D:8)
  5 orc wizards
  5 orc priests
  A bullfrog skeleton (D:4)
  4 jellies
  2 centaur skeletons
  6 iguanas
  9 worker ants
  2 hound skeletons
  4 worker ant zombies
  14 adders
  2 gnolls
  2 shadow imps
  An adder zombie (D:8)
  A worm (D:2)
  2 dart slugs
  2 leopard geckos
  24 orcs
  10 bats
  5 giant cockroaches
  2 gnoll zombies (D:5)
  6 goblins
  4 hobgoblins
  10 jackals
  3 quokkas
  A frilled lizard (D:2)
  2 giant cockroach zombies
  2 jackal skeletons
  12 kobolds
  A leopard gecko zombie (D:7)
  A quokka skeleton (D:6)
  9 rats
231 creatures vanquished.

Vanquished Creatures (collateral kills)
  An ugly thing (D:8)
  2 yaks (D:8)
  An ogre (D:8)
  A big kobold (D:8)
  5 bullfrogs
  A wight (D:9)
  A centaur zombie (D:8)
  A hound (D:6)
  2 gnolls (D:6)
  An adder (D:6)
  A shadow imp (D:7)
  An adder skeleton (D:7)
  A worm (D:9)
  3 leopard geckos
  4 orcs
  3 kobolds (D:8)
  A quokka skeleton (D:8)
  A plant (D:8)
31 creatures vanquished.

Vanquished Creatures (others)
  A knight (D:8)
  2 ancestors (D:5)
3 creatures vanquished.

Grand Total: 265 creatures vanquished

Notes
Turn   | Place    | Note
-------+----------+-------------------------------------------
     0 | D:1      | Inarius the Gargoyle Earth Elementalist began the quest for the Orb.
     0 | D:1      | Reached XP level 1. HP: 10/10 MP: 3/3
   147 | D:1      | Reached skill level 4 in Earth Magic
   147 | D:1      | Reached XP level 2. HP: 15/15 MP: 0/5
   855 | D:2      | Reached XP level 3. HP: 18/19 MP: 2/6
  1079 | D:2      | Learned a level 3 spell: Stone Arrow
  1120 | D:2      | Reached skill level 5 in Earth Magic
  1123 | D:2      | Reached XP level 4. HP: 24/24 MP: 3/8
  1296 | D:2      | Found a shadowy altar of Dithmenos.
  1427 | D:2      | Found a shadowy altar of Dithmenos.
  1580 | D:2      | Reached XP level 5. HP: 27/28 MP: 3/9
  1887 | D:3      | Noticed a centaur
  1908 | D:3      | Killed a centaur
  1908 | D:3      | Reached skill level 1 in Conjurations
  1908 | D:3      | Reached skill level 6 in Earth Magic
  1925 | D:3      | Reached XP level 6. HP: 23/33 MP: 2/11
  2064 | D:3      | Found a snail-covered altar of Cheibriados.
  2606 | D:4      | Noticed a phantom
  2613 | D:4      | Killed a phantom
  2613 | D:4      | Reached skill level 7 in Earth Magic
  2613 | D:4      | Reached XP level 7. HP: 37/37 MP: 6/13
  2620 | D:4      | Reached skill level 1 in Armour
  2808 | D:4      | Learned a level 5 spell: Lee's Rapid Deconstruction
  2813 | D:4      | Learned a level 4 spell: Petrify
  2881 | D:4      | You fall through a shaft for 3 floors!
  3086 | D:7      | Found a staircase to the Ecumenical Temple.
  3092 | Temple   | Entered the Ecumenical Temple
  3156 | Temple   | Became a worshipper of Hepliaklqana the Forgotten
  3190 | D:6      | Reached skill level 8 in Earth Magic
  3193 | D:6      | Reached skill level 1 in Fighting
  3195 | D:6      | Found the +0 mask of the Dragon {MR+ Slay+3 SInv}
  3264 | D:5      | Entered Level 5 of the Dungeon
  3269 | D:5      | Found a blossoming altar of Fedhas.
  3307 | D:6      | Reached XP level 8. HP: 29/38 MP: 10/15
  3436 | D:6      | Noticed Sigmund
  3443 | D:6      | Killed Sigmund
  3443 | D:6      | Reached skill level 5 in Spellcasting
  3443 | D:6      | Reached skill level 9 in Earth Magic
  4091 | D:5      | Reached * piety under Hepliaklqana
  4207 | D:5      | Found a basalt altar of Yredelemnul.
  4411 | D:6      | Reached XP level 9. HP: 44/44 MP: 11/17
  4614 | D:6      | Reached skill level 10 in Earth Magic
  4646 | D:6      | Noticed Menkaure
  4651 | D:6      | Killed Menkaure
  4923 | D:7      | Reached skill level 1 in Invocations
  4984 | D:7      | Learned a level 2 spell: Passwall
  5025 | D:7      | Found an ancient bone altar of Kikubaaqudgha.
  5134 | D:7      | Found a radiant altar of Vehumet.
  5152 | D:7      | Reached skill level 11 in Earth Magic
  5309 | D:7      | Found a glowing silver altar of Zin.
  5309 | D:7      | Noticed an angel
  5347 | D:7      | Found a sparkling altar of Nemelex Xobeh.
  5553 | D:7      | Reached ** piety under Hepliaklqana
  5554 | D:7      | Remembered your ancestor Agathocles as a knight
  6071 | D:8      | Reached skill level 5 in Conjurations
  6071 | D:8      | Reached XP level 10. HP: 48/50 MP: 4/19
  6322 | D:8      | Reached skill level 12 in Earth Magic
  6452 | D:8      | Noticed a centaur warrior
  6455 | D:8      | Noticed a purple ugly thing
  6460 | D:8      | Killed a centaur warrior
  6469 | D:8      | Killed a purple ugly thing
  6675 | D:8      | Found Heroq's Distillery.
  6678 | D:8      | Bought a potion of mutation for 112 gold pieces
  6678 | D:8      | Bought a potion of haste for 140 gold pieces
  6786 | D:8      | Reached skill level 5 in Fighting
  6815 | D:8      | Reached skill level 13 in Earth Magic
  7161 | D:8      | Found a staircase to the Lair.
  7169 | Lair:1   | Entered Level 1 of the Lair of Beasts
  7855 | D:9      | Reached XP level 11. HP: 56/56 MP: 12/22
  8039 | D:9      | Found Misewer's Food Emporium.
  8201 | D:9      | Found Meg Ryiv's Weapon Boutique.
  8248 | D:9      | Found a glowing golden altar of the Shining One.
  8257 | D:9      | Noticed Erica
  8273 | D:9      | Killed Erica
  8429 | D:9      | Reached *** piety under Hepliaklqana
  8742 | D:9      | Noticed a moth of wrath
  8745 | D:9      | Found a bloodstained altar of Trog.
  8782 | D:9      | Killed a moth of wrath
  8865 | D:10     | Entered Level 10 of the Dungeon
  9060 | D:10     | Noticed a two-headed ogre
  9061 | D:10     | Found a staircase to the Orcish Mines.
  9067 | D:10     | Killed a two-headed ogre
  9067 | D:10     | Reached skill level 14 in Earth Magic
  9404 | D:10     | Noticed a manticore
  9408 | D:10     | Killed a manticore
  9542 | D:10     | Reached skill level 5 in Invocations
  9678 | D:10     | Noticed a brown ugly thing
  9971 | D:11     | Noticed a two-headed ogre
  9976 | D:11     | Slain by a two-headed ogre

Skill      XL: |  1  2  3  4  5  6  7  8  9 10 11 |
---------------+----------------------------------+-----
Earth Magic    | 4 5 6 7 8 9 11 13 14 | 14.2
Spellcasting   | 3 4 5 6 7 8 |  8.0
Conjurations   | 1 2 4 5 6 7 |  7.3
Armour         | 1 2 3 |  3.8
Fighting       | 1 2 4 5 6 |  6.1
Invocations    | 2 3 5 |  5.0
Dodging        | |  1.5
Stealth        | |  2.1
Transmutations | |  0.7

Action                   |  1- 3 |  4- 6 |  7- 9 | 10-12 || total
-------------------------+-------+-------+-------+-------++-------
Melee: Unarmed           |    17 |       |       |       ||    17
       Short sword       |     1 |     6 |       |       ||     7
       Dagger            |       |    59 |    81 |   100 ||   240
Throw: Stone             |       |       |     1 |       ||     1
 Cast: Sandblast         |    25 |    57 |    98 |    15 ||   195
       Stone Arrow       |       |       |    26 |    83 ||   109
       Lee's Rapid Decon |       |       |    10 |    14 ||    24
Invok: Ancestor Life: Kn |       |       |     1 |       ||     1
       Ancestor Identity |       |       |     1 |       ||     1
       Recall Ancestor   |       |       |       |     1 ||     1
Evoke: Wand              |       |       |       |     2 ||     2
  Use: Scroll            |     1 |     6 |     7 |     4 ||    18
       Potion            |       |     1 |     2 |       ||     3
 Stab: Sleeping          |     1 |     1 |     1 |       ||     3
       Distracted        |       |       |       |     1 ||     1
  Eat: Chunk             |     1 |     5 |    11 |    15 ||    32
       Ration            |       |       |     1 |       ||     1
Armor: Robe              |    11 |     1 |       |       ||    12
       Ring mail         |       |    58 |    68 |    83 ||   209
Dodge: Dodged            |    14 |    86 |    61 |    53 ||   214
